Map: 羅曼死 - 天梯版

Players

Rex - Winner!

  • Race: Zerg Zerg
  • League: Grandmaster

Yoger

  • Race: Zerg Zerg
  • League: Master

Event: DreamHack SC2 Masters 2021 Summer

VOD

Have the link to the VOD?

Description

Time

  • Played on: May 19, 2021, 9:36 a.m.
  • Length: 14:40

All games in this series

Show
View Real Time Build Order
Export as new Build Order

Rex Zerg - Winner!

Build Orders: Hatch First 

Get SALT Encoding   

  12  0:00  Drone  
  13  0:12  Overlord  
  13  0:17  Drone  
  14  0:30  Drone x2  
  16  0:50  Drone, Hatchery  
  16  0:54  Drone  
  17  0:57  Drone  
  18  1:08  Extractor  
  17  1:12  Spawning Pool  
  17  1:16  Drone  
  17  1:19  Drone  
  18  1:27  Drone  
  19  1:38  Drone  
  20  1:50  Overlord  
  20  2:00  Queen  
  22  2:02  Queen  
  22  2:04  Zergling x2  
  22  2:06  Drone  
  26  2:11  Metabolic Boost  
  26  2:12  Drone  
  26  2:13  Drone  
  28  2:22  Drone  
  29  2:23  Drone  
  30  2:35  Hatchery  
  29  2:43  Queen  
  31  2:46  Drone  
  31  2:47  Drone  
  33  2:52  Baneling Nest  
  33  2:55  Zergling x2  
  33  2:56  Drone  
  34  3:01  Overlord  
  34  3:07  Drone, Zergling x2  
  36  3:20  Drone x6  
  42  3:28  Lair  
  42  3:29  Extractor  
  41  3:38  Drone x3  
  44  3:43  Evolution Chamber  
  43  3:50  Overlord  
  43  3:52  Drone x5  
  48  3:56  Baneling, Overlord  
  48  4:00  Drone x2  
  49  4:05  Drone  
  49  4:09  Drone x2  
  52  4:15  Roach Warren  
  51  4:17  Drone  
  51  4:18  Drone  
  53  4:26  Drone, Overlord  
  53  4:27  Drone x2  
  53  4:29  Drone  
  57  4:33  Extractor  
  57  4:34  Overlord  
  56  4:40  Drone x2  
  56  4:43  Extractor  
  56  4:46  Drone x6  
  56  4:51  Spire  
  61  4:55  Overseer  
  61  4:57  Zergling x2  
  61  4:58  Zergling x8  
  66  5:05  Drone x5  
  71  5:10  Extractor x2, Drone  
  71  5:11  Drone  
  71  5:12  Drone x2  
  73  5:16  Overlord  
  73  5:17  Overlord  
  72  5:21  Zerg Melee Weapons Level 1  
  72  5:24  Drone x5  
  72  5:27  Drone x2  
  79  5:34  Drone x2  
  81  5:44  Overlord  
  81  5:50  Hatchery, Overlord  
  80  5:57  Glial Reconstitution  
  79  6:05  Mutalisk x8  
  79  6:10  Mutalisk  
  94  6:18  Spine Crawler, Mutalisk  
  94  6:20  Spine Crawler x2  
  94  6:23  Baneling  
  94  6:24  Baneling x2, Zergling x2  
  94  6:25  Zergling x14  
  101  6:30  Mutalisk  
  103  6:33  Overlord  
  103  6:34  Zerg Flyer Weapons Level 1  
  103  6:40  Drone x3  
  103  6:41  Drone x3  
  110  6:50  Mutalisk x2  
  110  6:51  Extractor  
  110  6:52  Overlord  
  110  6:54  Mutalisk  
  112  6:55  Extractor  
  112  6:56  Hatchery  
  112  6:57  Overlord  
  112  6:58  Overlord  
  112  7:02  Mutalisk  
  112  7:05  Overlord  
  114  7:08  Overlord  
  114  7:12  Mutalisk x2  
  116  7:16  Drone x3  
  116  7:19  Mutalisk  
  121  7:29  Zergling x20  
  131  7:33  Overlord  
  128  7:38  Overlord  
  128  7:42  Mutalisk x4  
  136  7:45  Queen  
  136  7:51  Mutalisk x2  
  136  7:59  Mutalisk x2  
  137  8:06  Mutalisk  
  136  8:12  Mutalisk x2  
  136  8:14  Zergling x12  
  136  8:15  Zergling x12  
  152  8:23  Unknown  
  152  8:24  Mutalisk x2  
  151  8:27  Zergling x14  
  151  8:32  Spore Crawler  
  157  8:34  Spore Crawler  
  157  8:36  Mutalisk x3  
  157  8:38  Overlord  
  162  8:42  Drone x3  
  162  8:45  Mutalisk  
  167  8:55  Zerg Flyer Weapons Level 2  
  167  8:59  Mutalisk  
  167  9:00  Mutalisk  
  167  9:02  Hatchery  
  162  9:15  Mutalisk x4  
  168  9:26  Mutalisk x3  
  172  9:33  Mutalisk x2  
  172  9:35  Zergling x22  
  175  9:50  Mutalisk x4  
  164  10:00  Mutalisk x3  
  164  10:02  Zergling x2  
  164  10:03  Zergling x16  
  159  10:12  Mutalisk  
  159  10:13  Mutalisk x2  
  151  10:17  Zergling x6, Spore Crawler  
  151  10:19  Mutalisk x2  
  156  10:24  Mutalisk  
  156  10:27  Mutalisk  
  159  10:29  Zergling x8  
  159  10:30  Zergling x2  
  154  10:47  Mutalisk x5  
  148  10:56  Mutalisk x3  
  148  10:58  Zergling x18  
  148  11:03  Mutalisk x2  
  161  11:06  Drone x4  
  163  11:21  Zergling x26  
  167  11:28  Zerg Flyer Armor Level 1  
  167  11:29  Mutalisk  
  167  11:30  Mutalisk  
  154  11:33  Zergling x6  
  154  11:34  Zergling x2  
  154  11:36  Zergling x2  
  154  11:37  Zergling x2  
  154  11:38  Mutalisk  
  153  11:45  Mutalisk  
  153  11:46  Mutalisk x2  
  140  11:50  Zergling x6  
  140  11:51  Zergling x2  
  142  11:57  Mutalisk x2  
  142  11:58  Zergling x2  
  135  12:02  Mutalisk x2  
  135  12:05  Mutalisk  
  137  12:09  Mutalisk  
  137  12:14  Mutalisk  
  137  12:15  Mutalisk  
  142  12:19  Drone, Zergling x6  
  144  12:23  Mutalisk x2  
  148  12:30  Mutalisk  
  148  12:32  Drone x4  
  148  12:36  Unknown  
  145  12:37  Drone  
  145  12:38  Drone  
  141  12:45  Mutalisk x2  
  143  12:52  Zergling x16  
  143  12:55  Mutalisk  
  143  12:56  Mutalisk  
  153  13:03  Drone x5  
  156  13:09  Mutalisk x2  
  154  13:18  Mutalisk x3  
  154  13:20  Zergling x6  
  154  13:23  Zergling x6  
  154  13:26  Mutalisk  
  162  13:28  Drone x2  
  163  13:40  Baneling x6  
  164  13:41  Drone x5  
  164  13:46  Mutalisk  
  164  13:47  Mutalisk  
  170  13:50  Queen  
  172  13:57  Drone x3  
  172  14:04  Zergling x2  
  172  14:07  Zergling x2  
  172  14:08  Zergling x8  
  176  14:10  Baneling x7  
  176  14:11  Baneling x3  
  176  14:14  Mutalisk x2  
  175  14:32  Extractor x2  
Show
View Real Time Build Order
Export as new Build Order

Yoger Zerg 

Build Orders: Hatch First 

Get SALT Encoding   

  12  0:00  Drone  
  13  0:12  Overlord  
  13  0:18  Drone  
  14  0:31  Drone x2  
  16  0:49  Hatchery  
  15  0:51  Drone  
  15  0:55  Drone  
  17  0:58  Drone  
  18  1:08  Extractor  
  17  1:13  Spawning Pool  
  17  1:17  Drone  
  17  1:20  Drone  
  18  1:29  Drone  
  19  1:39  Drone  
  20  1:53  Overlord  
  20  2:00  Queen  
  22  2:01  Drone  
  22  2:02  Queen, Zergling x2  
  26  2:11  Drone, Metabolic Boost  
  26  2:12  Drone  
  28  2:22  Drone  
  29  2:23  Drone  
  30  2:33  Hatchery  
  29  2:41  Queen  
  31  2:45  Drone  
  31  2:49  Baneling Nest  
  31  2:52  Drone  
  31  2:55  Overlord  
  31  2:58  Drone  
  33  3:01  Drone  
  33  3:03  Drone  
  35  3:06  Drone  
  36  3:13  Zergling x4  
  36  3:14  Zergling x2  
  36  3:15  Drone  
  40  3:21  Overlord  
  40  3:22  Drone  
  40  3:25  Zergling x2  
  40  3:27  Drone  
  43  3:30  Evolution Chamber  
  43  3:33  Drone  
  43  3:34  Drone  
  44  3:41  Drone  
  44  3:42  Drone x2  
  44  3:45  Drone  
  47  3:50  Drone x2  
  47  3:51  Drone  
  47  3:52  Drone x2  
  52  3:59  Roach Warren, Zerg Missile Weapons Level 1  
  51  4:03  Extractor x2  
  51  4:07  Drone x2  
  51  4:08  Drone  
  52  4:11  Overlord  
  52  4:14  Lair  
  52  4:16  Drone  
  53  4:17  Drone  
  53  4:21  Drone  
  53  4:23  Drone  
  56  4:24  Overlord  
  56  4:29  Overlord  
  56  4:36  Drone x6  
  56  4:37  Extractor  
  61  4:39  Drone x2  
  61  4:44  Overlord  
  63  4:46  Drone x2  
  63  4:47  Drone  
  63  4:50  Drone x2  
  68  4:53  Drone  
  68  4:54  Drone x2  
  68  4:59  Extractor  
  70  5:00  Extractor  
  70  5:02  Drone  
  70  5:03  Drone x2  
  70  5:04  Drone x2  
  70  5:06  Drone x2  
  76  5:09  Drone  
  77  5:20  Roach x6  
  88  5:23  Spire  
  87  5:31  Overlord  
  87  5:32  Glial Reconstitution  
  87  5:33  Overlord  
  87  5:34  Overlord x2  
  87  5:36  Roach  
  87  5:41  Baneling x2  
  89  5:43  Pneumatized Carapace  
  89  5:52  Roach x6  
  89  5:53  Roach x2  
  105  5:58  Drone, Zerg Missile Weapons Level 2  
  105  6:01  Evolution Chamber  
  105  6:03  Overseer  
  103  6:11  Drone  
  103  6:15  Roach x4  
  103  6:16  Hatchery  
  103  6:17  Overlord  
  110  6:19  Overlord  
  110  6:21  Overlord  
  110  6:40  Corruptor x4  
  110  6:42  Corruptor x2  
  110  6:46  Corruptor  
  124  6:53  Corruptor  
  117  6:55  Drone  
  117  6:56  Drone x5  
  117  6:57  Drone  
  117  6:58  Drone  
  125  7:02  Drone, Spore Crawler  
  125  7:03  Drone  
  125  7:07  Spore Crawler  
  125  7:16  Overlord x2  
  125  7:17  Overlord  
  125  7:20  Spore Crawler, Overseer  
  124  7:25  Zerg Flyer Armor Level 1, Overlord x2  
  124  7:34  Corruptor x2  
  128  7:37  Corruptor  
  128  7:43  Corruptor x2  
  134  7:46  Drone  
  134  7:48  Corruptor  
  133  8:00  Corruptor  
  133  8:01  Corruptor x2  
  137  8:07  Drone x5, Corruptor  
  137  8:10  Drone  
  137  8:12  Queen  
  147  8:14  Corruptor  
  149  8:23  Spore Crawler  
  149  8:25  Overlord x3  
  148  8:30  Spore Crawler  
  148  8:31  Extractor  
  146  8:38  Overlord x2  
  146  8:40  Extractor  
  145  8:42  Overlord  
  145  8:43  Corruptor x2, Overlord  
  149  8:50  Corruptor x2  
  154  8:55  Drone x2  
  154  8:56  Drone  
  142  9:10  Corruptor  
  142  9:11  Corruptor x4  
  142  9:16  Corruptor  
  151  9:22  Corruptor  
  151  9:23  Corruptor  
  151  9:30  Corruptor  
  149  9:38  Corruptor x2  
  147  9:40  Drone x2  
  147  9:41  Queen  
  155  9:49  Roach  
  155  9:50  Roach x5  
  161  9:57  Roach  
  161  9:58  Roach x4  
  157  10:09  Spire  
  154  10:18  Extractor  
  154  10:20  Spore Crawler  
  150  10:25  Spire  
  150  10:27  Drone x8  
  157  10:39  Spore Crawler  
  157  10:42  Drone x2  
  141  10:54  Spore Crawler  
  141  10:55  Spore Crawler  
  138  10:57  Drone x5  
  138  10:59  Queen  
  138  11:00  Drone x2  
  138  11:01  Drone x4  
  150  11:07  Spore Crawler  
  150  11:09  Spore Crawler x2  
  120  11:39  Corruptor  
  114  11:40  Corruptor x11  
  107  11:57  Corruptor x4  
  109  12:06  Roach  
  109  12:07  Roach x2  
  101  12:12  Roach  
  101  12:14  Overlord  
  101  12:15  Overlord  
  103  12:20  Overlord  
  91  12:24  Overlord  
  91  12:29  Overlord  
  87  12:38  Roach x5  
  94  12:52  Roach  
  94  12:53  Roach x3  
  102  13:02  Roach x2  
  99  13:14  Corruptor x2  
  97  13:21  Corruptor  
  97  13:22  Corruptor  
  100  13:31  Drone  
  100  13:32  Drone  
  102  13:34  Corruptor  
  102  13:41  Drone x2, Corruptor  
  104  13:50  Drone x5  
  109  13:56  Corruptor  
  111  14:03  Corruptor  
  111  14:09  Corruptor  
Tags
 
Add a new tag
Caveats
  • Supply blocks, unpowered buildings, or Contaminate may cause inaccurate times.
  • Supply counts are checked every 10 seconds.